 Dungeon Crawl Stone Soup version 0.21-a0-471-gd587bd5 (webtiles) character file.

1162 kae the Insei (level 8, -12/66 HPs)
             Began as a Black Draconian Transmuter on Nov 21, 2017.
             Was a Believer of Wu Jian.
             Mangled by an orc warrior
             ... wielding a +0 halberd
              (22 damage)
             ... on level 6 of the Dungeon.
             The game lasted 00:07:20 (7230 turns).

kae the Insei (Black Draconian Transmuter)          Turns: 7230, Time: 00:07:21

Health: -12/66     AC:  2    Str: 14    XL:     8   Next: 17%
Magic:  9/14       EV: 17    Int: 13    God:    Wu Jian [**....]
Gold:   254        SH:  3    Dex: 25    Spells: 9/15 levels left

rFire    . . .     SeeInvis .     - Unarmed
rCold    . . .     Gourm    .   (shield currently unavailable)
rNeg     . . .     Faith    .   (armour unavailable)
rPois    x         Spirit   .   (helmet currently unavailable)
rElec    .         Reflect  +   (cloak currently unavailable)
rCorr    .         Harm     .   (gloves currently unavailable)
MR       .....                  (boots currently unavailable)
Stlth    ++........             l - +3 amulet of reflection
HPRegen  0.21/turn              g - +5 ring of dexterity
MPRegen  0.14/turn              t - +2 ring of strength

@: spider-form (expiring), very slightly contaminated, very heavily drained
A: (breathe lightning), unfitting armour, AC +6
a: End Transformation, Renounce Religion


You were on level 6 of the Dungeon.
You worshipped Wu Jian.
Wu Jian was pleased with you.
You were not hungry.
You were a venomous arachnid creature.
You visited 1 branch of the dungeon, and saw 6 of its levels.

You collected 254 gold pieces.

Inventory:

Hand Weapons
 q - a +1 whip of flaming (melded)
Missiles
 a - 138 arrows
Armour
 f - a scarf of repulsion (melded)
 j - a +0 pair of boots (melded)
 k - a +2 hat (melded)
Jewellery
 g - a +5 ring of dexterity (left front leg)
 l - a +3 amulet of reflection (around neck)
 t - a +2 ring of strength (right front leg)
 y - a +4 ring of intelligence
Wands
 p - a wand of enslavement (14)
Scrolls
 i - 6 scrolls of teleportation
 m - a scroll of magic mapping
 u - 3 scrolls of identify
 v - a scroll of remove curse
Potions
 e - a potion of brilliance
 n - a potion of agility
 o - a potion of flight {unknown}
 r - a potion of curing {unknown}
 s - a potion of haste {unknown}
 w - a potion of degeneration {unknown}
 z - 2 potions of ambrosia {unknown}
Books
 b - a book of Changes

   Spells                             Type                      Level
   a - Beastly Appendage              Transmutation                1
   b - Sticks to Snakes               Transmutation                2
   c - Spider Form                    Transmutation/Poison         3
   d - Ice Form                       Ice/Transmutation            4
   e - Blade Hands                    Transmutation                5
Comestibles
 c - 5 bread rations
 h - 2 meat rations
 A - 2 fruits


   Skills:
 + Level 4.2(0.8) Fighting
 - Level 1.7(0.0) Dodging
 * Level 6.3(2.7) Unarmed Combat
 + Level 4.1(0.7) Spellcasting
 * Level 5.9(2.3) Transmutations


You had 9 spell levels left.
You knew the following spells:

 Your Spells              Type           Power        Failure   Level  Hunger
a - Beastly Appendage     Tmut           #.....       26%         1    ##.....
b - Sticks to Snakes      Tmut           #.......     36%         2    ###....
c - Spider Form           Tmut/Pois      #.........   69%         3    ####...


Dungeon Overview and Level Annotations

Branches:
Dungeon (6/15)
 Temple: D:4-7

Altars:
Cheibriados
Gozag
Nemelex Xobeh
Qazlal
Vehumet
Wu Jian
Yredelemnul

Annotations:
D:6 Dowan, Duvessa


Innate Abilities, Weirdness & Mutations

((You can breathe wild blasts of lightning.))
((Your glossy black scales are hard. (AC +6)))
You cannot fit into any form of body armour.
((You are resistant to electric shocks. (rElec)))
((You are cold-blooded and may be slowed by cold attacks.))


Message History

You spin and attack the orc.
You barely miss the orc.
You spin and attack the orc.
You hit the orc but do no damage.
The orc is poisoned.
The orc hits you but does no damage. The orc hits you with a short sword.
Things that are here:
a dagger; a robe; an orc corpse You hit the orc warrior but do no damage.
The orc warrior is poisoned.
The orc warrior hits you with a halberd!
* * * LOW HITPOINT WARNING * * *
The orc hits you.
* * * LOW HITPOINT WARNING * * *
The orc barely misses you.
You hit the orc warrior.
The orc warrior looks as sick as possible!
The orc warrior is lightly wounded.
The orc hits you.
* * * LOW HITPOINT WARNING * * *
The orc warrior hits you with a halberd!!
You die...

..# #....#.........+
..###....#......... #
..e†'....#.....### .#
..###...##.....# ##.#
..# #...# #######...
..###...## #.......###.
#.#......# #...........
..#......# #...o.......
..#......######.so......
..#.............o.....##
#...............#######
...................#
.......######........
............#.........
....#...>.............
....#..........#......
#..............#(..###


You could see an orc warrior and 2 orcs.

Vanquished Creatures
  The ghost of p0werm0de the Slasher, an amateur DECK of Xom (D:5)
  Edmund (D:4)
  A phantom (D:6)
  An ogre (D:6)
  A centaur (D:5)
  A centaur zombie (D:5)
  7 orc priests
  2 orc wizards
  Ijyb (D:4)
  A worker ant (D:4)
  A worker ant zombie (D:5)
  9 gnolls
  5 adders
  A shadow imp (D:5)
  2 adder skeletons
  2 worms
  6 dart slugs
  A leopard gecko (D:2)
  21 orcs
  7 bats (D:1)
  5 giant cockroaches
  9 goblins
  4 hobgoblins
  3 jackals (D:1)
  7 kobolds
  3 quokkas
  4 ball pythons
  6 frilled lizards
  A jackal skeleton (D:4)
  A leopard gecko skeleton (D:5)
  10 rats
125 creatures vanquished.

Vanquished Creatures (collateral kills)
  A crimson imp (D:5)
  An orc (D:3)
2 creatures vanquished.

Grand Total: 127 creatures vanquished

Notes
Turn   | Place    | Note
-------+----------+-------------------------------------------
     0 | D:1      | kae the Draconian Transmuter began the quest for the Orb.
     0 | D:1      | Reached XP level 1. HP: 16/16 MP: 3/3
   210 | D:1      | Reached XP level 2. HP: 22/23 MP: 3/5
  1051 | D:1      | Reached XP level 3. HP: 28/28 MP: 6/6
  1059 | D:1      | Learned a level 2 spell: Sticks to Snakes
  1063 | D:1      | Learned a level 3 spell: Spider Form
  1069 | D:1      | You fall through a shaft!
  2163 | D:3      | Reached XP level 4. HP: 35/36 MP: 7/7
  2282 | D:3      | Found a snail-covered altar of Cheibriados.
  2381 | D:3      | Found an ornate altar of the Wu Jian Council.
  2397 | D:3      | Became a worshipper of the Wu Jian Council
  2516 | D:3      | Reached skill level 4 in Unarmed Combat
  2528 | D:3      | Reached XP level 5. HP: 36/41 MP: 3/9
  3404 | D:3      | Found a stormy altar of Qazlal.
  3763 | D:4      | Reached XP level 6. HP: 36/50 MP: 5/10
  3825 | D:4      | Noticed Ijyb
  3829 | D:4      | Reached * piety under Wu Jian
  3851 | D:4      | Killed Ijyb
  4047 | D:4      | Found a basalt altar of Yredelemnul.
  4182 | D:4      | Noticed Edmund
  4204 | D:4      | Killed Edmund
  4204 | D:4      | Reached skill level 5 in Unarmed Combat
  4387 | D:4      | HP: 2/51 [poisoned by a worker ant]
  4951 | D:5      | Entered Level 5 of the Dungeon
  5097 | D:5      | Your scales start taking on a glossy black colour.
  5097 | D:5      | Reached XP level 7. HP: 43/57 MP: 9/12
  5097 | D:5      | Gained mutation: You are resistant to electric shocks. (rElec) [Black Draconian growth]
  5516 | D:5      | Reached skill level 5 in Transmutations
  5821 | D:5      | Noticed p0werm0de's ghost (amateur DECK)
  6141 | D:5      | Killed p0werm0de's ghost
  6141 | D:5      | Reached skill level 6 in Unarmed Combat
  6371 | D:5      | Found a sparkling altar of Nemelex Xobeh.
  6680 | D:6      | Reached XP level 8. HP: 12/66 MP: 13/13
  6681 | D:6      | Found a radiant altar of Vehumet.
  6939 | D:6      | Found an opulent altar of Gozag.
  6943 | D:6      | Noticed Duvessa
  6961 | D:6      | Reached ** piety under Wu Jian
  6969 | D:6      | Noticed Dowan
  7230 | D:6      | Mangled by an orc warrior

Vault maps used:
D:1:      sevenhm_arrival_forest_fort_large_2
D:3:      kennysheep_slug_shrine, lemuel_crystal_altar,
          nicolae_qazlal_eye_of_the_storm, serial_bayou_ford_a
D:4:      first_bread, minmay_misc_feat_chi, yredelemnul_altar_generic,
          uniq_edmund, uniq_ijyb
D:5:      nemelex_xobeh_ov_fountains_minmay
D:6:      vehumet_crystals, xom_redecorated, minmay_temple_entry_butterflies,
          nicolae_gozag_cash_rules_everything_around_me, uniq_duvessa

Skill      XL: |  1  2  3  4  5  6  7  8 |
---------------+-------------------------+-----
Fighting       | 2 3 4 |  4.2
Transmutations | 3 4 5 |  5.9
Unarmed Combat | 4 5 6 |  6.3
Spellcasting   | 3 4 |  4.1
Dodging        | |  1.7

Action                   |  1- 3 |  4- 6 |  7- 9 || total
-------------------------+-------+-------+-------++-------
Melee: Unarmed           |    11 |    68 |    57 ||   136
       Dagger            |   220 |   187 |    75 ||   482
       Tailslap          |    28 |    36 |    36 ||   100
       Kick              |     4 |       |       ||     4
       Punch             |     2 |     5 |     4 ||    11
       Headbutt          |     5 |     6 |     2 ||    13
       Whip              |       |       |   117 ||   117
 Cast: Beastly Appendage |    12 |     4 |       ||    16
       Spider Form       |       |     8 |     6 ||    14
       Sticks to Snakes  |       |     4 |     6 ||    10
  Use: Scroll            |     2 |     2 |     7 ||    11
       Potion            |       |     2 |     1 ||     3
 Stab: Sleeping          |       |     2 |     1 ||     3
       Distracted        |       |       |     2 ||     2
  Eat: Chunk             |     4 |     4 |     5 ||    13
       Meat ration       |       |     2 |       ||     2
       Royal jelly       |       |       |     1 ||     1
Armor: Skin              |    73 |    80 |    69 ||   222
Dodge: Dodged            |   146 |   142 |   131 ||   419
       Deflected         |     4 |     9 |       ||    13
Block: Other             |       |    17 |    17 ||    34
       Reflection        |       |     1 |       ||     1

Table legend:
 A = Spawn XP
 B = Non-spawn XP
 C = Spawn XP percentage of total XP
 D = Spawn monster count
 E = Non-spawn monster count
 F = Spawn count percentage of total count
 G = Total turns spent on level
                    A         B        C        D         E        F      G
               +---------+---------+-------+---------+---------+-------+---------
         Total |       0 |    1660 |   0.0 |       0 |     127 |   0.0 |  7230
               +---------+---------+-------+---------+---------+-------+---------
           D:1 |       0 |      51 |   0.0 |       0 |      30 |   0.0 |  1372
           D:2 |       0 |      45 |   0.0 |       0 |      19 |   0.0 |   781
           D:3 |       0 |     172 |   0.0 |       0 |      29 |   0.0 |  1533
           D:4 |       0 |     423 |   0.0 |       0 |      16 |   0.0 |  1347
           D:5 |       0 |     652 |   0.0 |       0 |      26 |   0.0 |  1628
           D:6 |       0 |     317 |   0.0 |       0 |       7 |   0.0 |   569
               +---------+---------+-------+---------+---------+-------+---------
